AoeStats
← Erker

Lombardia

508852105Analyzed
2v2 RM · 8d ago on Sep 24, 2026· 43m 29s· 4 players
Game mode
Random Map
Map size
Medium (4 player)
Population
200
Speed
Normal
Resources
Standard
Victory
Conquest
Starting age
Dark Age
Ending age
Imperial Age
RankedLock teamsTeams togetherTeam positionsShared explorationLock speedFull tech treeHidden civsTurbo modeCheats
Victory
Defeat
🇷🇴 Varangians · Romania
1164
+16
🇷🇴 Byzantines · Romania
1122
+39
🇻🇪 Hindustanis · Venezuela
1166
-17
🇬🇧 Poles · United Kingdom
1143
-16
zoibe
9:46 Feudal Age
10:34 Double-Bit Axe
12:58 Loom
13:42 Horse Collar
14:41 Forging
20:31 Castle Age
19:22 Scale Barding Armor
19:30 Bloodlines
20:24 Stone Mining
22:35 Bow Saw
24:16 Heavy Plow
24:44 Pikeman
27:51 Gold Mining
30:14 Stone Shaft Mining
31:04 Iron Casting
30:30 Scale Mail Armor
darienvasquez95
7:57 Loom
10:04 Feudal Age
10:33 Double-Bit Axe
10:11 Man-at-Arms
17:11 Wheelbarrow
17:13 Bloodlines
20:28 Castle Age
19:27 Man-at-Arms
19:54 Horse Collar
22:40 Forging
22:35 Scale Barding Armor
22:32 Husbandry
23:05 Squires
23:21 Bow Saw
29:30 Chain Barding Armor
30:40 Iron Casting
37:39 Imperial Age
36:21 Hand Cart
36:46 Town Watch
38:09 Heavy Camel Rider
41:48 Imperial Camel Rider
Lemmy
7:01 Loom
9:01 Feudal Age
11:20 Double-Bit Axe
21:00 Castle Age
19:16 Fletching
20:00 Padded Archer Armor
20:31 Gold Mining
21:16 Crossbowman
22:42 Thumb Ring
23:24 Bow Saw
24:35 Wheelbarrow
26:06 Ballistics
27:10 Hand Cart
28:36 Bodkin Arrow
28:50 Stone Mining
32:00 Leather Archer Armor
42:59 Imperial Age
41:01 Pikeman
41:59 Forging
41:54 Scale Barding Armor
43:18 Arbalester
Erker
7:18 Loom
9:45 Feudal Age
10:53 Double-Bit Axe
11:17 Horse Collar
20:54 Castle Age
21:29 Forging
21:39 Bloodlines
22:11 Heavy Plow
22:50 Wheelbarrow
23:13 Gold Mining
24:07 Wheelbarrow
24:01 Husbandry
24:09 Scale Barding Armor
26:48 Bow Saw
28:29 Chain Barding Armor
28:44 Iron Casting
28:04 Light Cavalry
34:28 Town Watch
40:53 Imperial Age
41:15 Cavalier
Connection lost

Rejoining the realm…

Still unreachable

The connection could not be restored.

Session expired

The server has moved on; the page needs a fresh start.